 Dungeon Crawl Stone Soup version 0.22-a0-480-g991dd4b2b4 (webtiles) character file.

140 Rrauwl the Shooter (level 5, -3/41 HPs)
             Began as a Centaur Hunter on June 15, 2018.
             Was a Priest of Jiyva.
             Slain by a gnoll
             ... wielding a +0 halberd
              (4 damage)
             ... on level 4 of the Dungeon.
             The game lasted 00:09:27 (2227 turns).

Rrauwl the Shooter (Centaur Hunter)                 Turns: 2227, Time: 00:09:28

Health: -3/41      AC:  4    Str: 13    XL:     5   Next: 2%
Magic:  5/5        EV: 15    Int: 10    God:    Jiyva [***...]
Gold:   163        SH:  0    Dex: 17    Spells: 4/4 levels left

rFire    . . .     SeeInvis .   c - +1 shortbow
rCold    . . .     Gourm    .   (shield currently unavailable)
rNeg     . . .     Faith    .   o - +0 leather armour
rPois    .         Spirit   .   (no helmet)
rElec    .         Reflect  .   (no cloak)
rCorr    +         Harm     .   (no gloves)
MR       .....                  (no barding)
Stlth    +++.......             (no amulet)
HPRegen  0.13/turn              (no ring)
MPRegen  0.09/turn              (no ring)

@: agile, flying, hasted, very quick
A: large, hooves 3, deformed body, speed 2, tough skin 3
a: Request Jelly, Renounce Religion


You were on level 4 of the Dungeon.
You worshipped Jiyva.
Jiyva was most pleased with you.
You were not hungry.

You visited 1 branch of the dungeon, and saw 4 of its levels.

You collected 163 gold pieces.

Inventory:

Hand Weapons
 a - a +0 flail of protection
 c - a +1 shortbow (weapon)
Missiles
 g - an arrow (quivered)
Armour
 d - a +0 pair of gloves
 o - a +0 leather armour (worn)
Scrolls
 e - a scroll of immolation {unknown}
 l - a scroll of identify {unknown}
 m - a scroll of amnesia {unknown}
 n - a scroll of remove curse {unknown}
Potions
 i - a potion of flight
Comestibles
 f - 2 rations


   Skills:
 - Level 2.0 Fighting
 + Level 7.2 Bows
 - Level 1.2 Armour
 - Level 2.0 Dodging
 - Level 1.0 Stealth


You had 4 spell levels left.
You didn't know any spells.
Your spell library was empty.

Dungeon Overview and Level Annotations

Branches:
Dungeon (4/15)
 Temple: D:4-7

Altars:
Hepliaklqana
Sif Muna
Zin
Jiyva


Innate Abilities, Weirdness & Mutations

You have hooves in place of feet.
Armour fits poorly on your strangely shaped body.
You cover ground very quickly.
You have extremely tough skin. (AC +3)


Message History

The gnoll is severely wounded.
The worker ant barely misses you.
The gnoll hits you from afar with a halberd!
* * * LOW HITPOINT WARNING * * *
It was a potion of haste.
You feel yourself speed up. The worker ant closely misses you.
The worker ant bites you but does no damage.
Firing (i - inventory)
g - 3 arrows (quivered)
Press: ? - help, Shift-Dir - straight line, f/p - gnoll
Aim: a gnoll, wielding a halberd (severely wounded)
You shoot an arrow. The arrow hits the gnoll.
The gnoll is almost dead.
The gnoll completely misses you.
Firing (i - inventory)
g - 2 arrows (quivered)
Press: ? - help, Shift-Dir - straight line, f/p - gnoll
Aim: a gnoll, wielding a halberd (almost dead)
You shoot an arrow. The arrow barely misses the gnoll.
The worker ant bites you but does no damage.
The gnoll hits you from afar with a halberd.
You die...

.# ###.# ....
#..# #..####
#####.....
#@a##..###...
##.g)....(.#
####.####..
#.# ##Z# #..#
#.## #a# #.#


You could see a worker ant and a gnoll.

Vanquished Creatures
  An orc wizard (D:2)
  A centaur skeleton (D:4)
  A gnoll (D:3)
  An adder (D:3)
  An ooze (D:1)
  2 worms (D:2)
  A dart slug (D:2)
  A leopard gecko (D:2)
  8 orcs
  4 giant cockroaches
  7 goblins
  6 hobgoblins
  3 kobolds (D:1)
  2 bats (D:1)
  4 frilled lizards
  2 rats (D:2)
45 creatures vanquished.

Vanquished Creatures (others)
  An orc priest (D:3)
  3 worms
  4 orcs (D:3)
  A goblin (D:3)
  2 hobgoblins
  A quokka (D:3)
  2 bats
  2 kobolds (D:2)
16 creatures vanquished.

Grand Total: 61 creatures vanquished

Notes
Turn   | Place    | Note
-------+----------+-------------------------------------------
     0 | D:1      | Rrauwl the Centaur Hunter began the quest for the Orb.
     0 | D:1      | Reached XP level 1. HP: 17/17 MP: 1/1
   268 | D:1      | Reached XP level 2. HP: 24/24 MP: 2/2
   692 | D:2      | Reached skill level 1 in Stealth
   705 | D:2      | Found a faded altar of an unknown god.
   720 | D:2      | Became a worshipper of Jiyva Jerrug the Shapeless
   720 | D:2      | Reached * piety under Jiyva
   725 | D:2      | Reached XP level 3. HP: 29/29 MP: 3/3
   728 | D:2      | Reached skill level 1 in Armour
   771 | D:2      | Reached skill level 6 in Bows
   848 | D:2      | Reached XP level 4. HP: 28/36 MP: 4/4
  1143 | D:2      | Reached ** piety under Jiyva
  1146 | D:2      | Found a deep blue altar of Sif Muna.
  1181 | D:2      | Noticed an angel
  1182 | D:2      | Found a glowing silver altar of Zin.
  1381 | D:3      | Found a hazy altar of Hepliaklqana.
  1509 | D:3      | Reached *** piety under Jiyva
  2210 | D:4      | Reached skill level 7 in Bows
  2210 | D:4      | Reached XP level 5. HP: 24/41 MP: 5/5
  2224 | D:4      | HP: 1/41 [gnoll/halberd (9)]
  2227 | D:4      | Slain by a gnoll

Vault maps used:
D:1:      lightli_arrival_boilingwater, hex_large, minmay_misc_feat_doors
D:2:      lemuel_doored_altar, zin_angel, chequers_ecumenical_altar_simple
D:3:      overflow_temple_1_default, first_ration
D:4:      minmay_goblin_kobold_castle, minmay_misc_feat_four_crosses

Skill      XL: |  1  2  3  4 |
---------------+-------------+-----
Stealth        | 1 |  1.0
Armour         | 1 |  1.2
Dodging        | 2 |  2.0
Bows           | 6 7 |  7.2
Fighting       | |  2.0

Action                   |  1- 3 |  4- 6 || total
-------------------------+-------+-------++-------
Melee: Shortbow          |     1 |    20 ||    21
       Kick              |     1 |     5 ||     6
 Fire: Shortbow          |    67 |    80 ||   147
  Use: Potion            |       |     4 ||     4
Armor: Leather armour    |     8 |    38 ||    46
Dodge: Dodged            |     9 |    49 ||    58

Table legend:
 A = Spawn XP
 B = Non-spawn XP
 C = Spawn XP percentage of total XP
 D = Spawn monster count
 E = Non-spawn monster count
 F = Spawn count percentage of total count
 G = Total turns spent on level
                    A         B        C        D         E        F      G
               +---------+---------+-------+---------+---------+-------+---------
         Total |       0 |     200 |   0.0 |       0 |      45 |   0.0 |  2227
               +---------+---------+-------+---------+---------+-------+---------
           D:1 |       0 |      32 |   0.0 |       0 |      16 |   0.0 |   682
           D:2 |       0 |      87 |   0.0 |       0 |      17 |   0.0 |   521
           D:3 |       0 |      39 |   0.0 |       0 |      10 |   0.0 |   917
           D:4 |       0 |      42 |   0.0 |       0 |       2 |   0.0 |   107
               +---------+---------+-------+---------+---------+-------+---------
